[Event "World Junior U20 Girls 2018"]
[Site "Gebze"]
[Date "2018.09.14"]
[Round "10"]
[White "Serikbay, Assel"]
[Black "Antova, Gabriela"]
[Result "0-1"]
[ECO "D11"]
[WhiteElo "2125"]
[BlackElo "2292"]
[Annotator "NA"]
[PlyCount "94"]
[EventDate "2018.09.05"]
[EventType "swiss"]
[EventCountry "TUR"]
[SourceTitle "playchess.com"]
[Source "ChessBase"]
[SourceQuality "1"]
[TimeControl "40/5400+30:1800+30"]

1. d4 d5 2. Nf3 Nf6 3. c4 c6 4. g3 dxc4 5. Bg2 g6 {[%emt 0:00:00] D11: Slav Defence: 3 Nf3 sidelines and 3...Nf6 4 e3 Bg4} 6. O-O Bg7 7. a4 Ne4 (7... Na6 8. Na3 Be6 9. Ng5 Qd7 10. Nxe6 Qxe6 11. e3 Ne4 12. Qc2 Nd6 13. Bd2 O-O 14. Rac1 {1-0 (43) Dubov,D (2701)-Volokitin,A (2639) Batumi 2018}) 8. Qc2 Nd6 9. e4 Na6 {[%emt 0:11:30] LiveBook: 9 Games} 10. e5 Nf5 11. Qxc4 Be6 12. Qc3 O-O 13. g4 $146 ({Predecessor:} 13. b4 Nc7 14. Nbd2 {½-½ (35) Jonasson,J (2337)-Nierobisz,J (2362) ICCF email 2008}) 13... Nh6 14. h3 f6 15. exf6 exf6 16. Bf4 Nf7 17. Qd2 Nc7 18. Nc3 Nd5 19. Nxd5 Bxd5 20. Rfe1 Qd7 21. Re3 Rad8 22. Rd1 Rfe8 23. Rde1 Rxe3 24. fxe3 Be4 25. Nh2 Bxg2 26. Qxg2 f5 27. Nf3 c5 28. dxc5 fxg4 29. hxg4 Qxa4 30. e4 Qb4 31. Qf2 Bxb2 32. Bd2 Rxd2 33. Qxd2 Bc3 34. Qe3 Bxe1 35. Nxe1 Ne5 36. Kg2 Nxg4 37. Qf4 Qxe1 38. Qxg4 Qd2+ 39. Kf1 Qc1+ 40. Ke2 Qc4+ 41. Ke1 Qxc5 42. Qe6+ Kg7 43. e5 $19 Qe3+ 44. Kd1 Qf3+ 45. Ke1 Qe4+ 46. Kd2 Qd4+ 47. Ke2 Qd8 0-1

[Event "World Junior U20 Girls 2018"]
[Site "Gebze"]
[Date "2018.09.14"]
[Round "10"]
[White "Ozbay, Ece"]
[Black "Chitlange Sakshi"]
[Result "0-1"]
[ECO "B01"]
[WhiteElo "2114"]
[BlackElo "2279"]
[Annotator "NA"]
[PlyCount "80"]
[EventDate "2018.09.05"]
[EventType "swiss"]
[EventCountry "TUR"]
[SourceTitle "playchess.com"]
[Source "ChessBase"]
[SourceQuality "1"]
[TimeControl "40/5400+30:1800+30"]

1. e4 d5 2. exd5 Qxd5 3. Nc3 Qd6 4. d4 Nf6 5. Nf3 {[%emt 0:00:00] LiveBook: 2762 Games} c6 6. g3 {[%emt 0:00:00] B01: Scandinavian Defence} Bf5 7. Bf4 Qd8 8. Bc4 $146 ({Predecessor:} 8. Bg2 e6 9. O-O Be7 10. Ne5 h6 11. Qe2 O-O 12. Rad1 Nbd7 13. Rfe1 Nb6 {1-0 (24) Brkic,A (2598)-Tratar,M (2456) Sarajevo 2018}) 8... e6 9. Nh4 Bg4 10. f3 Bh5 11. Qd3 Nbd7 12. O-O-O Be7 13. g4 Nd5 14. Bxd5 $1 cxd5 15. Nf5 Bg6 16. Nxg7+ Kf8 17. Nf5 h5 18. Qe3 exf5 19. Nxd5 Bh4 20. gxf5 Bxf5 21. Rhg1 Bg6 $18 22. Nc7 Qc8 23. Rxg6 fxg6 24. Rg1 Bf6 25. Rxg6 Kf7 26. Rg1 Nf8 27. Nb5 Be7 28. Bd6 Qe6 29. Qxe6+ Nxe6 30. Bxe7 Kxe7 31. d5 a6 32. Re1 axb5 33. Rxe6+ Kd7 34. Rb6 Kc7 35. Rxb5 Rxa2 36. c4 Ra1+ 37. Kc2 Rh1 38. Rb3 Rxh2+ 39. Kd3 h4 40. Ke3 Rg2 0-1

[Event "World Junior U20 Girls 2018"]
[Site "Gebze"]
[Date "2018.09.14"]
[Round "10"]
[White "Nurgali, Nazerke"]
[Black "Maltsevskaya, Aleksandra"]
[Result "1/2-1/2"]
[ECO "A58"]
[WhiteElo "2080"]
[BlackElo "2234"]
[Annotator "NA"]
[PlyCount "57"]
[EventDate "2018.09.05"]
[EventType "swiss"]
[EventCountry "TUR"]
[SourceTitle "playchess.com"]
[Source "ChessBase"]
[SourceQuality "1"]
[TimeControl "40/5400+30:1800+30"]

1. d4 Nf6 2. c4 c5 3. d5 b5 4. cxb5 a6 5. bxa6 e6 6. Nc3 {[%emt 0:01:00] A58: Wolga/Benkö-Gambit} exd5 7. Nxd5 Be7 8. Nf3 (8. e3 O-O 9. Ne2 Nxd5 10. Qxd5 Rxa6 11. Nc3 Rd6 12. Qf3 Nc6 13. Be2 Bb7 {½-½ (27) Nakamura,H (2787)-Dubov,D (2701) Moscow 2018}) 8... O-O 9. e3 Rxa6 $146 ({Vorgänger:} 9... Nxd5 10. Qxd5 Nc6 11. Qd1 Bxa6 12. Bxa6 Qa5+ 13. Bd2 Qxa6 {0-1 (37) Gerwert,T-Kempter,J Moscow 1990}) 10. Nxe7+ (10. Bxa6 $16 Bxa6 11. Nxf6+ (11. Nxe7+ Qxe7 12. b3 Nc6 $11) 11... Bxf6 12. Qb3) 10... Qxe7 11. Be2 Ne4 12. Qb3 Nc6 13. O-O Ra8 14. a3 d6 15. Bd2 Be6 16. Qc2 Bf5 17. Qc1 Rfc8 18. Bc4 Rab8 19. Bc3 Be6 20. Bxe6 Qxe6 21. Qc2 d5 22. Rfd1 h6 23. Rac1 Rb7 24. Qd3 Rd8 25. h3 Rb3 $14 26. Qc2 Rb7 27. Qd3 Rb3 28. Qc2 Rb7 29. Qd3 1/2-1/2

[Event "World Junior U20 Girls 2018"]
[Site "Gebze"]
[Date "2018.09.14"]
[Round "10"]
[White "Lingur, Zalina"]
[Black "Caglar, Sila"]
[Result "0-1"]
[ECO "B06"]
[WhiteElo "2061"]
[BlackElo "2208"]
[Annotator "NA"]
[PlyCount "72"]
[EventDate "2018.09.05"]
[EventType "swiss"]
[EventCountry "TUR"]
[SourceTitle "playchess.com"]
[Source "ChessBase"]
[SourceQuality "1"]
[TimeControl "40/5400+30:1800+30"]

1. e4 g6 2. d4 Bg7 3. Nc3 d6 4. f4 a6 5. Nf3 b5 6. Bd3 {[%emt 0:00:30] B06: Modern Defence} c5 (6... Nd7 7. a4 b4 8. Ne2 c5 9. c3 Bb7 10. O-O Ngf6 11. e5 Nd5 12. Bd2 bxc3 13. bxc3 cxd4 14. cxd4 O-O {0-1 (49) Anand,V (2759)-Nakamura,H (2769) Leuven 2018}) 7. dxc5 dxc5 {[%emt 0:00:00] [#]} 8. O-O (8. e5 $1 $16) 8... Nd7 9. e5 Nh6 $146 ({Predecessor:} 9... Bb7 10. Qe2 Qb6 11. Be4 Rd8 12. Rd1 Nh6 13. a4 b4 14. Nd5 Bxd5 15. Rxd5 O-O 16. a5 Qa7 {0-1 (16) Amartsev,P (1776)-Neumann,U (1548) LSS email 2010}) 10. Be4 Rb8 11. e6 fxe6 12. Ng5 Rb6 13. Nxh7 Nf5 14. Qg4 Bd4+ 15. Kh1 Rxh7 16. Qxg6+ Rf7 17. Bf3 Nf8 18. Qh5 Ng7 $19 19. Qh4 Kd7 20. Ne4 Nf5 21. Qe1 Bb7 22. Ng5 Rg7 23. Bd2 Bxf3 24. Rxf3 Rd6 25. Ne4 Rd5 26. c3 Bf6 27. a4 Qb6 28. axb5 axb5 29. c4 bxc4 30. Rfa3 Ke8 31. Ra6 Qxb2 32. Rb1 Qd4 33. Bc3 Ng3+ 34. Qxg3 Qxe4 35. Ra8+ Kf7 36. Rxf8+ Kxf8 0-1

[Event "World Junior U20 Girls 2018"]
[Site "Gebze"]
[Date "2018.09.14"]
[Round "10"]
[White "Auvray, Honorine"]
[Black "Kubicka, Anna"]
[Result "1/2-1/2"]
[ECO "B90"]
[WhiteElo "2050"]
[BlackElo "2204"]
[Annotator "NA"]
[PlyCount "134"]
[EventDate "2018.09.05"]
[EventType "swiss"]
[EventCountry "TUR"]
[SourceTitle "playchess.com"]
[Source "ChessBase"]
[SourceQuality "1"]
[TimeControl "40/5400+30:1800+30"]

1. e4 c5 2. Nf3 d6 3. d4 cxd4 4. Nxd4 Nf6 5. Nc3 a6 6. f3 e5 7. Nb3 Be7 8. Be3 Be6 9. Qd2 O-O 10. O-O-O Nbd7 11. g4 b5 12. Rg1 {[%emt 0:00:00] B90: Sicilian Najdorf: Unusual White 6th moves, 6 Be3 Ng4 and 6 Be3 e5} (12. g5 Nh5 13. Nd5 Bxd5 14. exd5 f5 15. Rg1 f4 16. Bf2 Bxg5 17. Bh3 Be7 18. Na5 Qc7 19. Nc6 Rae8 20. Qb4 Nhf6 21. Qa3 {1-0 (39) Kobalia,M (2619)-Jakovenko,D (2748) Satka 2018}) 12... Qc7 13. g5 Nh5 14. Nd5 Bxd5 15. exd5 f5 16. gxf6 Bxf6 17. Kb1 Nb6 18. Na5 {[%emt 0:18:30] [#]} Nf4 $146 19. Nc6 Kh8 20. Bxf4 exf4 21. Rg4 Rfc8 22. Qxf4 Nxd5 23. Rxd5 Qxc6 24. Qf5 Re8 25. Rd1 Re5 26. Qf4 Rae8 27. Bd3 Qc5 28. Qd2 Rh5 29. Re4 Rxe4 30. Bxe4 Qe5 31. Qc3 $15 (31. Qb4 $11) 31... Qxc3 32. bxc3 Bxc3 33. Rxd6 g6 34. Rc6 b4 35. Rxa6 Rxh2 36. a3 bxa3 37. Rxa3 Rh1+ 38. Ka2 Ra1+ 39. Kb3 Rxa3+ 40. Kxa3 Kg7 41. Kb3 Be5 42. Kc4 Kf6 43. Kd3 h5 44. Ke2 h4 45. Kf2 h3 46. Kg1 Bd6 47. Kh1 Kg5 48. c4 Bb8 49. Bd3 Bc7 50. Be4 Kf6 51. Bb7 Kg5 52. Be4 Kh5 53. Bd3 Bd6 54. Be4 Kh6 55. Bb7 Kg5 56. Be4 Bb8 57. Bd3 Kf6 58. Be4 g5 59. Bb7 Bf4 60. Bc8 h2 61. c5 Ke5 62. c6 Kd4 63. Kg2 Ke3 64. Bg4 Bc7 65. Bh5 Kd4 66. Bg4 Kc5 67. Bd7 Bf4 1/2-1/2

[Event "World Junior U20 Girls 2018"]
[Site "Gebze"]
[Date "2018.09.14"]
[Round "10"]
[White "Gomez Barrera, Javiera Belen"]
[Black "Alinasab, Mobina"]
[Result "1-0"]
[ECO "C11"]
[WhiteElo "2035"]
[BlackElo "2261"]
[Annotator "NA"]
[PlyCount "99"]
[EventDate "2018.09.05"]
[EventType "swiss"]
[EventCountry "TUR"]
[SourceTitle "playchess.com"]
[Source "ChessBase"]
[SourceQuality "1"]
[TimeControl "40/5400+30:1800+30"]

1. e4 e6 2. d4 d5 3. Nc3 Nf6 4. e5 Nfd7 5. Nce2 {[%emt 0:00:30] LiveBook: 672 Games} c5 6. f4 Nc6 7. c3 a6 8. Nf3 b5 9. a3 Qb6 10. g3 b4 11. axb4 cxb4 12. f5 exf5 $16 13. Nf4 Ne7 14. Qa4 Bb7 15. Qxb4 Qxb4 16. cxb4 Nc6 17. b5 Nb4 18. Kd1 a5 19. h4 Be7 20. Ne1 O-O 21. Ned3 Rfc8 22. Nxb4 Bxb4 23. Bd3 g6 24. Bd2 Bxd2 25. Kxd2 Nb6 26. b3 a4 27. bxa4 Nxa4 28. Rhc1 Nb6 29. Rxc8+ Rxc8 30. Rc1 Rxc1 31. Kxc1 Kf8 32. Kc2 Ke7 33. Kb3 Kd7 34. Kb4 Kc7 35. e6 f6 36. Kc5 Na4+ 37. Kb4 Nb6 38. Kc5 Na4+ 39. Kb4 Nb6 40. Kc5 Na4+ 41. Kb4 Nb6 42. h5 gxh5 43. Bxf5 Kd6 44. Nxh5 Ke7 45. Nf4 Kd6 46. Bxh7 Nc4 47. Bf5 Ne3 48. g4 Ke7 49. Kc5 Ba8 50. Kb6 1-0

[Event "World Junior U20 Girls 2018"]
[Site "Gebze"]
[Date "2018.09.14"]
[Round "10"]
[White "Isha Sharma"]
[Black "Sliwicka, Alicja"]
[Result "0-1"]
[ECO "B24"]
[WhiteElo "2012"]
[BlackElo "2272"]
[Annotator "NA"]
[PlyCount "152"]
[EventDate "2018.09.05"]
[EventType "swiss"]
[EventCountry "TUR"]
[SourceTitle "playchess.com"]
[Source "ChessBase"]
[SourceQuality "1"]
[TimeControl "40/5400+30:1800+30"]

1. e4 e6 2. d3 c5 3. g3 Nc6 4. Bg2 g6 {[%emt 0:00:30] LiveBook: 264 Games} 5. Nf3 Bg7 6. O-O Nge7 7. Nc3 O-O 8. Be3 d6 {[%emt 0:07:30] B24: Closed Sicilian: 3 g3 sidelines} (8... Nd4 9. Qd2 Nec6 10. Ne1 Qa5 11. Bh6 d6 12. h4 f5 13. h5 Ne5 14. Bg5 Rf7 15. hxg6 hxg6 16. exf5 gxf5 17. Qd1 {0-1 (47) Rathnakaran,K (2441)-Akopian,V (2697) Albena 2012}) 9. Qd2 $1 e5 10. h4 $146 ({Predecessor:} 10. Nh4 Nd4 11. f4 exf4 12. Bxf4 Be6 13. Nd5 Nxd5 14. exd5 Bg4 15. Bg5 Qd7 16. c3 Nf5 17. Nxf5 Bxf5 18. Rae1 Rae8 19. Be3 b5 20. d4 c4 {½-½ (20) Roy Chowdhury,S (2421)-Ramesh,R (2466) Calicut 2003}) 10... Nd4 11. Nh2 f5 12. Bg5 Ne6 13. Bh6 Bxh6 14. Qxh6 f4 15. h5 Ng7 16. g4 Kh8 17. hxg6 Nxg6 18. Nf3 Ne6 19. Nd5 Bd7 20. Kh2 Rf7 21. Rh1 Qf8 22. Qh5 Qg7 23. Kg1 (23. g5 $14) 23... Ne7 24. Nxe7 Rxe7 25. Nh4 Be8 26. Nf5 Bxh5 27. Nxg7 Bxg4 28. Nf5 Bxf5 29. exf5 Nd4 30. f6 Rf7 31. c3 f3 32. cxd4 fxg2 33. Kxg2 cxd4 34. Rh6 Rg8+ 35. Kf1 Rg6 36. Rc1 Rfxf6 37. Rxg6 Rxg6 38. Rc8+ Kg7 39. Rc7+ Kf6 40. Rxh7 Rg7 41. Rh6+ Ke7 42. Ke2 Rf7 43. a3 Kd7 44. Rg6 Kc6 45. Rh6 b5 46. Ke1 a5 47. Ke2 Rb7 48. Kd2 Rf7 49. Ke2 Kc5 50. f3 Rg7 51. Kf2 Kd5 52. Rh2 Rc7 53. Ke1 Rc1+ 54. Kd2 Rf1 55. Rh3 Rf2+ 56. Kc1 Kc5 57. Rg3 b4 58. axb4+ $19 Kxb4 59. Rg6 Rxf3 60. Rxd6 Rxd3 61. Rd5 Re3 62. Kd1 a4 63. Kd2 Kb3 64. Rb5+ Ka2 65. Kc2 Re2+ 66. Kd3 Rxb2 67. Rxe5 Rb4 68. Kc2 a3 69. Re8 Rb3 70. Rd8 d3+ 71. Kc1 Rc3+ 72. Kd2 Kb2 73. Ra8 Rb3 74. Ra5 a2 75. Rg5 a1=Q 76. Rg1 Qa5+ 0-1

[Event "World Junior U20 Girls 2018"]
[Site "Gebze"]
[Date "2018.09.14"]
[Round "10"]
[White "Cramling Bellon, Anna"]
[Black "Doroy Allaney Jia G"]
[Result "1-0"]
[ECO "E71"]
[WhiteElo "2009"]
[BlackElo "1914"]
[Annotator "NA"]
[PlyCount "69"]
[EventDate "2018.09.05"]
[EventType "swiss"]
[EventCountry "TUR"]
[SourceTitle "playchess.com"]
[Source "ChessBase"]
[SourceQuality "1"]
[TimeControl "40/5400+30:1800+30"]

1. d4 g6 2. c4 Bg7 3. e4 c5 4. d5 d6 5. Nc3 Nf6 6. h3 h6 {[%emt 0:01:30] E71: Königsindisch (5.h3)} (6... O-O 7. Nf3 e6 8. Bd3 Na6 9. Be3 Re8 10. O-O Nc7 11. a4 Na6 12. Nd2 Nb4 13. Be2 b6 14. Qb3 a6 15. Rae1 Ra7 16. Qd1 Rae7 {½-½ (35) Adhiban,B (2671)-Ponomariov,R (2686) Linares 2018}) 7. Be3 O-O $146 ({Vorgänger:} 7... a6 8. a4 a5 9. Qd2 Na6 10. O-O-O Bd7 11. Bd3 Qc7 12. f4 Ng8 13. Nf3 {1-0 (67) Campos Moreno,J (2480)-Ridameya Tatche,J (2145) Barcelona 1999}) 8. Bd3 Na6 9. Nf3 e6 10. O-O exd5 11. exd5 Nc7 12. Qd2 Kh7 13. Rab1 b6 14. Rfe1 Bb7 15. b4 cxb4 16. Rxb4 Na6 17. Rbb1 Qd7 18. Qc2 (18. Bd4 $16) 18... Rac8 19. Qb3 Nc5 20. Bxc5 Rxc5 21. a4 Nh5 22. Ne4 Rc7 23. Qa3 Rd8 24. a5 bxa5 25. Qxa5 Nf4 $16 ({Black should play} 25... f5) 26. Bf1 f5 27. Ned2 Qf7 28. Rxb7 Nxd5 29. cxd5 Rdc8 30. Rxc7 Rxc7 31. Bc4 g5 32. Qa3 Bf8 33. Qd3 Kg8 34. Nd4 f4 35. Re6 1-0

[Event "World Junior U20 Girls 2018"]
[Site "Gebze"]
[Date "2018.09.14"]
[Round "10"]
[White "Hu, Yu A"]
[Black "Urh, Zala"]
[Result "1/2-1/2"]
[ECO "C65"]
[WhiteElo "2009"]
[BlackElo "2128"]
[Annotator "NA"]
[PlyCount "116"]
[EventDate "2018.09.05"]
[EventType "swiss"]
[EventCountry "TUR"]
[SourceTitle "playchess.com"]
[Source "ChessBase"]
[SourceQuality "1"]
[TimeControl "40/5400+30:1800+30"]

1. e4 e5 2. Nf3 Nc6 3. Bb5 Nf6 4. d3 Bc5 5. c3 O-O 6. O-O {[%emt 0:00:30] C65: Ruy Lopez: Berlin Defence (3...Nf6), unusual lines and 4 0-0 Bc5} Re8 7. d4 Bf8 ({Black should try} 7... Bb6 $11) 8. Re1 exd4 9. e5 Nd5 10. cxd4 d6 11. Bg5 Be7 $146 ({Predecessor:} 11... Qd7 12. Nc3 Nxc3 13. bxc3 a6 {1-0 (27) Motylev,A (2643)-Malakhov,V (2699) Kaliningrad 2015}) 12. Bxe7 Rxe7 13. Nc3 Nxc3 14. bxc3 Bg4 15. Qd3 a6 16. Bxc6 bxc6 17. Ng5 g6 18. Ne4 Bf5 19. Nf6+ Kg7 20. Qc4 c5 21. f4 cxd4 22. cxd4 dxe5 23. fxe5 Rb8 24. d5 Rb2 25. Qd4 Qb8 26. d6 cxd6 27. exd6 Qa7 28. Qxa7 Rxa7 29. Re7 Ra8 30. Ne8+ Kf8 31. Nf6 Rd8 $11 32. Nxh7+ Kg8 33. Nf6+ Kg7 34. Ne8+ Kf8 35. Rae1 Rxa2 36. h3 Rd2 37. g4 Be6 38. Nc7 R2xd6 39. R7xe6 fxe6 40. Nxe6+ Kf7 41. Nxd8+ Rxd8 42. Kf2 a5 43. h4 Rd4 44. Re5 Rxg4 45. Rxa5 Rxh4 46. Kg3 Rb4 47. Ra6 Kg7 48. Rc6 Kh6 49. Rc5 Rb8 50. Ra5 g5 51. Ra6+ Kh5 52. Ra3 Rb4 53. Rc3 Rg4+ 54. Kh3 Ra4 55. Kg3 Ra8 56. Rb3 Ra6 57. Rc3 Kg6 58. Kg4 Ra4+ 1/2-1/2

[Event "World Junior U20 Girls 2018"]
[Site "Gebze"]
[Date "2018.09.14"]
[Round "10"]
[White "Nastase, Andreea-Cristina"]
[Black "De Silva, Tenara"]
[Result "0-1"]
[ECO "D85"]
[WhiteElo "1983"]
[BlackElo "1764"]
[Annotator "NA"]
[PlyCount "140"]
[EventDate "2018.09.05"]
[EventType "swiss"]
[EventCountry "TUR"]
[SourceTitle "playchess.com"]
[Source "ChessBase"]
[SourceQuality "1"]
[TimeControl "40/5400+30:1800+30"]

1. d4 Nf6 2. c4 g6 3. Nc3 d5 4. cxd5 Nxd5 5. e4 Nxc3 6. bxc3 Bg7 7. Be3 c5 8. Rc1 Nc6 9. Nf3 cxd4 {[%emt 0:02:30] D85: Exchange Grünfeld: Unusual White 7th moves and lines with 7 Nf3} 10. cxd4 O-O (10... e6 11. Bc4 O-O 12. O-O Na5 13. Bd3 b6 14. h4 Bb7 15. h5 f5 16. e5 gxh5 17. Ng5 {1-0 (42) Bukavshin,I (2618)-Inarkiev,E (2706) Moscow 2015 CBM 166 [CB]}) 11. d5 Ne5 {[%emt 0:01:30] LiveBook: 6 Games} 12. Nxe5 Bxe5 13. Be2 e6 14. O-O $146 ({Predecessor:} 14. f4 Bc7 15. O-O exd5 16. Qxd5 Bb6 17. Bxb6 Qxb6+ {½-½ (34) Krishna Teja,N (2049)-Nishant,M (2129) Pune 2014}) 14... exd5 15. Qxd5 Qxd5 16. exd5 b6 17. Rfd1 Rd8 18. Bd4 Bxd4 19. Rxd4 Bb7 20. d6 Rac8 21. Rxc8 Bxc8 22. h3 Be6 23. a3 f5 24. g4 Kf7 25. gxf5 $17 (25. g5 $11 {keeps the balance.}) 25... Bxf5 26. Bc4+ Kf6 27. Rh4 h5 28. Rd4 Bxh3 29. Bd3 Bf5 30. Bxf5 Kxf5 31. Rd3 Ke5 32. d7 Ke6 33. Rg3 Rxd7 34. Rxg6+ Kf5 35. Rg3 Rd4 36. Rc3 Kg4 37. Rg3+ Kf5 38. Rc3 h4 39. Kg2 Kg4 40. Re3 b5 41. Rb3 a6 42. Rc3 Rf4 43. f3+ Kg5 44. Rc5+ Rf5 45. Rc6 a5 46. Ra6 b4 47. axb4 axb4 48. Rb6 Rf4 49. Rb5+ Kf6 50. Kf2 Rc4 51. Ke3 Ke6 52. Kd3 Rc3+ 53. Ke4 b3 54. Rb6+ Kd7 55. Kf4 Kc7 56. Rb4 Kc6 57. Kg4 Kc5 58. Rb8 Rc4+ 59. f4 Rb4 60. Rc8+ Kd4 61. Rd8+ Ke3 62. Re8+ Kd2 63. Rd8+ Kc3 64. Rc8+ Rc4 65. Rb8 b2 66. Kg5 Kc2 67. f5 b1=Q 68. Rxb1 Kxb1 69. f6 h3 70. f7 Rc8 0-1

[Event "World Junior U20 Girls 2018"]
[Site "Gebze"]
[Date "2018.09.14"]
[Round "10"]
[White "Ayan, Bengu Sena"]
[Black "Huttl, Sofie"]
[Result "1/2-1/2"]
[ECO "E04"]
[WhiteElo "1976"]
[BlackElo "1727"]
[Annotator "NA"]
[PlyCount "69"]
[EventDate "2018.09.05"]
[EventType "swiss"]
[EventCountry "TUR"]
[SourceTitle "playchess.com"]
[Source "ChessBase"]
[SourceQuality "1"]
[TimeControl "40/5400+30:1800+30"]

1. d4 d5 2. c4 e6 3. Nf3 Nf6 4. g3 c6 5. Bg2 dxc4 6. Ne5 Bb4+ 7. Nc3 Nd5 8. Bd2 b5 $14 {[%emt 0:01:30] LiveBook: 7 Games} 9. O-O Ba5 10. e4 Ne7 11. Be3 Nd7 12. Nxd7 Qxd7 13. Qh5 Bb6 14. Rad1 O-O 15. d5 exd5 16. exd5 Qf5 17. Qe2 Nxd5 18. Nxd5 cxd5 19. Rxd5 Qe6 20. Rxb5 Ba6 21. Rxb6 axb6 22. Bxa8 Rxa8 23. Qf3 Rd8 24. Rd1 Rxd1+ 25. Qxd1 Qf6 26. Bd4 Qc6 27. Bc3 f6 28. f3 Kf7 29. Qe2 Qe6 30. Qd2 Bb7 31. Kf2 Qd5 32. Qe3 b5 33. Qf4 Qc6 34. Qg4 Qd5 35. Qf4 1/2-1/2

[Event "World Junior U20 Girls 2018"]
[Site "Gebze"]
[Date "2018.09.14"]
[Round "10"]
[White "Celik, Eda"]
[Black "Anacoglu, Cisel"]
[Result "1/2-1/2"]
[ECO "C88"]
[WhiteElo "1970"]
[BlackElo "1791"]
[Annotator "NA"]
[PlyCount "81"]
[EventDate "2018.09.05"]
[EventType "swiss"]
[EventCountry "TUR"]
[SourceTitle "playchess.com"]
[Source "ChessBase"]
[SourceQuality "1"]
[TimeControl "40/5400+30:1800+30"]

1. e4 e5 2. Nf3 Nc6 3. Bb5 a6 4. Ba4 Nf6 5. O-O Be7 6. Re1 b5 7. Bb3 O-O 8. h3 Bb7 9. d3 d5 {[%emt 0:02:30] C88: Closed Ruy Lopez: Anti-Marshall Systems} 10. exd5 Nxd5 11. Nxe5 Nd4 12. Nd2 f6 $146 ({Predecessor:} 12... c5 13. Ndf3 Nxb3 14. axb3 f6 15. Ng4 Qd7 16. Bd2 Rae8 17. Re2 {0-1 (48) Jakubowski,K (2530)-Wojtaszek,R (2734) Poland 2017}) 13. Nef3 Nxb3 14. Nxb3 c5 15. c3 a5 16. d4 c4 17. Nc5 Bxc5 18. dxc5 Qc7 19. Nd4 Qxc5 20. Ne6 Qc6 21. Qg4 Rf7 22. Bh6 Qd7 23. Qg3 Kh8 $14 24. Nc5 Qc6 25. Be3 Nxe3 26. Nxb7 Qxg2+ 27. Qxg2 Nxg2 28. Nd6 Nxe1 29. Nxf7+ Kg8 30. Nh6+ gxh6 31. Rxe1 Kf7 32. Rd1 Ke6 33. Re1+ Kd6 34. Rd1+ Kc6 35. Rd4 Rg8+ 36. Kf1 Rg5 37. Rf4 f5 38. h4 Rg4 39. Rxf5 Rxh4 40. Rf6+ Kc5 41. Rf5+ 1/2-1/2

[Event "World Junior U20 Girls 2018"]
[Site "Gebze"]
[Date "2018.09.14"]
[Round "10"]
[White "Meenal Gupta"]
[Black "Ghukasyan, Siranush"]
[Result "0-1"]
[ECO "C92"]
[WhiteElo "1963"]
[BlackElo "2205"]
[Annotator "NA"]
[PlyCount "80"]
[EventDate "2018.09.05"]
[EventType "swiss"]
[EventCountry "TUR"]
[SourceTitle "playchess.com"]
[Source "ChessBase"]
[SourceQuality "1"]
[TimeControl "40/5400+30:1800+30"]

1. e4 e5 2. Nf3 Nc6 3. Bb5 a6 4. Ba4 Nf6 5. O-O Be7 6. Re1 b5 7. Bb3 d6 8. c3 O-O 9. h3 Bb7 10. d4 Re8 11. Nbd2 exd4 {[%emt 0:00:00] C92: Closed Ruy Lopez: 9...Be6, Karpov and Flohr-Zaitsev Variations} (11... Bf8 12. a3 h6 13. Bc2 Nb8 14. b3 Nbd7 15. Bb2 c6 16. Bd3 g6 17. Qc2 Nh5 18. Bf1 Nf4 19. b4 Rc8 20. c4 exd4 21. Bxd4 bxc4 22. Nxc4 c5 {1-0 (64) Jakovenko,D (2748)-Oparin,G (2609) Satka 2018}) 12. cxd4 Nd7 13. Nf1 Na5 14. Bc2 Bf6 15. Ng3 {[%emt 0:01:30] LiveBook: 73 Games} g6 16. Be3 Nc4 17. b3 $146 ({Predecessor:} 17. Bc1 c5 18. b3 cxd4 19. Nxd4 Ncb6 20. Bb2 Rc8 {0-1 (43) Navarrete Espi,S (1929)-Mascaro March,P (2369) Palma de Mallorca 2009}) 17... Nxe3 18. fxe3 c5 19. Qd2 h5 20. Rad1 Nf8 21. Qf2 Qe7 22. e5 dxe5 23. d5 Nd7 24. e4 $17 (24. Rf1 $11) 24... Red8 25. Nf1 Nb6 26. Ne3 Nc8 27. g4 hxg4 28. Nxg4 Bg7 29. Rf1 Nd6 30. Qxc5 f5 31. Ngh2 Rac8 32. Qf2 fxe4 33. Ne1 Rf8 34. Qe3 Nf5 35. Qxe4 Qc5+ 36. Rf2 Ng3 37. Qg2 Ne2+ 38. Kf1 Nf4 39. Qg4 Nxd5 40. Qe6+ Kh8 0-1

[Event "World Junior U20 Girls 2018"]
[Site "Gebze"]
[Date "2018.09.14"]
[Round "10"]
[White "Heydarova, Aytaj"]
[Black "Georgescu, Lena"]
[Result "0-1"]
[ECO "B30"]
[WhiteElo "1948"]
[BlackElo "2195"]
[Annotator "NA"]
[PlyCount "82"]
[EventDate "2018.09.05"]
[EventType "swiss"]
[EventCountry "TUR"]
[SourceTitle "playchess.com"]
[Source "ChessBase"]
[SourceQuality "1"]
[TimeControl "40/5400+30:1800+30"]

1. e4 c5 2. Nf3 Nc6 3. Nc3 d6 4. Bc4 e5 5. d3 Be7 6. O-O Nf6 7. Ng5 O-O 8. f4 exf4 9. Bxf4 h6 10. Nf3 Be6 11. Nd5 Nb4 {[%emt 0:00:00] B30: Sicilian: 2...Nc6 3 Bb5, lines without ...g6} (11... a6 12. a3 b5 13. Ba2 Re8 14. c3 Rc8 15. Bg3 Ne5 16. Bxe5 dxe5 17. Nxe5 c4 18. Nxf6+ Bxf6 19. Ng4 Bxg4 20. Qxg4 h5 21. Qf3 Qxd3 22. Qxd3 cxd3 {½-½ (51) Vachier Lagrave,M (2813)-Zhigalko,S (2652) Baku 2016}) 12. Nxb4 cxb4 13. Bxe6 fxe6 14. Qd2 e5 15. Bg3 a5 16. Nh4 {[%emt 0:12:30] [#]} Nh5 $146 ({Predecessor:} 16... Nxe4 17. Rxf8+ Kxf8 18. dxe4 Bxh4 19. Bxh4 Qxh4 20. Qd5 Re8 21. Rf1+ Ke7 22. Rf7+ Kd8 23. Qxd6+ {1-0 (23) Kovalev,V (2554)-Sveshnikov,E (2502) Liepaja 2014}) 17. Rxf8+ Bxf8 18. Bf2 Nf4 19. Nf5 d5 20. Be3 dxe4 21. dxe4 $17 ({Better is} 21. Bxf4 $15 exf4 22. Qxf4) 21... Qxd2 22. Bxd2 Rc8 23. c3 bxc3 24. bxc3 Rc4 25. Re1 Nd3 26. Re2 Ra4 27. Be3 Nc5 28. Ng3 Nxe4 29. Nxe4 Rxe4 30. Kf2 Rc4 31. Bd2 e4 32. g4 Kf7 33. h3 Ke6 34. h4 Kd5 35. Kg3 Bd6+ 36. Kf2 Be5 37. g5 hxg5 38. hxg5 g6 39. Be1 Bxc3 40. Bxc3 Rxc3 41. Rd2+ Ke5 0-1

[Event "World Junior U20 Girls 2018"]
[Site "Gebze"]
[Date "2018.09.14"]
[Round "10"]
[White "Kocyigit, Buse Naz"]
[Black "Dwilewicz, Katarzyna"]
[Result "1-0"]
[ECO "D23"]
[WhiteElo "1944"]
[BlackElo "2081"]
[Annotator "NA"]
[PlyCount "67"]
[EventDate "2018.09.05"]
[EventType "swiss"]
[EventCountry "TUR"]
[SourceTitle "playchess.com"]
[Source "ChessBase"]
[SourceQuality "1"]
[TimeControl "40/5400+30:1800+30"]

1. d4 d5 2. Nf3 Nf6 3. c4 c6 4. Qc2 dxc4 {[%emt 0:00:30] LiveBook: 1682 Games} 5. Qxc4 Bf5 6. g3 e6 7. Bg2 Bd6 8. Nc3 O-O 9. O-O Na6 $14 10. Bg5 Be7 11. Ne5 Nc7 12. e4 Bg6 13. Nxg6 hxg6 14. Rfd1 Rc8 15. Rac1 Nd7 16. Be3 Re8 17. Qb3 b6 18. d5 exd5 19. exd5 Nc5 20. Bxc5 Bxc5 21. dxc6 Qe7 22. Rd7 Bxf2+ 23. Kh1 Qe6 24. Qxe6 Nxe6 25. Rf1 Bd4 26. Nb5 Be5 27. Nxa7 Rc7 28. Rfxf7 Ra8 29. Nb5 Rxd7 30. Rxd7 Rxa2 31. Bd5 Ra1+ 32. Kg2 Kf8 33. Bxe6 Rb1 34. b3 1-0